 Dungeon Crawl Stone Soup version 0.27-a0-978-g2aa4ecdaef (webtiles) character file.

Game seed: 10312152226558044458

196 tardwrangler69 the Chiller (level 5, 0/38 HPs)
             Began as a Draconian Ice Elementalist on Apr 14, 2021.
             Slain by Blork the orc
             ... wielding a +0 battleaxe
              (12 damage)
             ... on level 4 of the Dungeon on Apr 15, 2021.
             The game lasted 00:03:45 (3942 turns).

tardwrangler69 the Chiller (DrIE)                   Turns: 3942, Time: 00:03:46

Health: 0/38       AC: 15    Str: 10    XL:     5   Next: 46%
Magic:  4/10       EV: 12    Int: 16    God:
Gold:   227        SH:  0    Dex: 12    Spells: 3/10 levels left

rFire    . . .     SeeInvis .   c - +0 trident
rCold    . . .     Faith    .   (no shield)
rNeg     . . .     Spirit   .   (armour unavailable)
rPois    .         Reflect  .   (helmet restricted)
rElec    .         Harm     .   (no cloak)
rCorr    .         Rampage  .   b - +0 pair of gloves
Will     .....                  k - +2 pair of boots
Stlth    ++........             (no amulet)
HPRegen  0.12/turn              (no ring)
MPRegen  0.12/turn              (no ring)

@: ice-armoured, freezing walls
A: AC +5, unfitting armour, cold-blooded
a: no special abilities


You were on level 4 of the Dungeon.
You visited 2 branches of the dungeon, and saw 5 of its levels.

You collected 227 gold pieces.

Inventory:

Hand Weapons
 c - a +0 trident (weapon)
Armour
 b - a +0 pair of gloves (worn)
 k - a +2 pair of boots (worn)
Jewellery
 i - a ring of fire
Wands
 d - a wand of flame (12)
Scrolls
 a - a scroll of teleportation {unknown}
 f - 2 scrolls of identify {unknown}
 h - a scroll of immolation {unknown}
Potions
 g - a potion of resistance {unknown}
 j - 2 potions of attraction {unknown}
 l - a potion of haste {unknown}


   Skills:
 - Level 1.7 Dodging
 - Level 1.7 Stealth
 + Level 3.4 Spellcasting
 * Level 6.0 Ice Magic


You had 3 spell levels left.
You knew the following spells:

 Your Spells              Type           Power      Damage    Failure   Level
a - Freeze                Ice            88%        1d10      1%          1
b - Frozen Ramparts       Ice            44%        1d6       4%          3
c - Ozocubu's Armour      Ice            22%        N/A       4%          3

Your spell library contained the following spells:

 Spells                   Type           Power      Damage    Failure   Level
 Hailstorm                Conj/Ice       12%        3d5       45%         4
 Metabolic Englaciation   Hex/Ice        6%         N/A       82%         5


Dungeon Overview and Level Annotations

Branches:
Dungeon (4/15)             Temple (1/1) D:4

Altars:
Cheibriados
Elyvilon
Fedhas
Nemelex Xobeh
Sif Muna
Trog
Xom
Yredelemnul
Zin

Shops:
D:2 :

Annotations:
D:4 Blork the orc


Innate Abilities, Weirdness & Mutations

Your plain brown scales are hard. (AC +5)
You cannot fit into any form of body armour.
You are cold-blooded and may be slowed by cold attacks.


Message History

No target in view!
No target in view!
You enter the shallow water.
Moving in this stuff is going to be slow.
Blork the orc shouts!
Found a leather armour.
A ball python comes into view.
There are monsters nearby!
Casting: Freeze (safe; 1% risk of failure)
Confirm with . or Enter, or press ? or * to list all spells.
Casting: Frozen Ramparts (dangerous; 4% risk of failure)
Press: ? - help, Dir - look around, f - activate The walls around you are covered in ice.
The ball python hisses angrily.
The wall freezes Blork the orc.
Casting: Frozen Ramparts (dangerous; 4% risk of failure)
Confirm with . or Enter, or press ? or * to list all spells.
A film of ice covers your body!
The wall freezes Blork the orc.
Blork the orc closely misses you.
You closely miss Blork the orc.
Blork the orc is moderately wounded.
The wall freezes Blork the orc.
Blork the orc hits you with a +0 battleaxe!
You hit Blork the orc but do no damage.
Blork the orc is moderately wounded.
The wall freezes the ball python.
The ball python seems to slow down.
The wall freezes Blork the orc.
Blork the orc hits you with a +0 battleaxe!
The wall freezes the ball python.
You kill the ball python!
You hit Blork the orc.
Blork the orc is moderately wounded.
The wall freezes Blork the orc.
Blork the orc gestures at you while chanting.
The puff of frost hits you but does no damage.
You closely miss Blork the orc.
Blork the orc is heavily wounded.
The wall freezes Blork the orc.
Blork the orc hits you with a +0 battleaxe!
You die...

....#≈#.....#≈#....#
#..
.....≈.......≈.....#
#[ #...≈.......≈.....#
# #...≈...>...≈.....#
##...≈.......≈.....##
#....≈.......≈......#
....#≈#.....#≈#.....##
... #≈≈≈≈≈≈≈≈≈#......#
.#
###@....###.##...###
#...o.........##......
#....####..#####......
##... #..## #......
.$... #..## #..####
.......... #..# #
.[........# #..#
.......... #.# ....#
#.


You could see Blork the orc.

Vanquished Creatures
  A phantom (D:4)
  A hound (Temple)
  A hound skeleton (D:4)
  2 adders
  2 adder skeletons (D:4)
  2 dart slugs
  4 ball pythons
  2 bats (D:3)
  4 endoplasms
  5 giant cockroaches (D:1)
  6 goblins
  4 hobgoblins
  7 jackals (D:2)
  5 kobolds
  2 frilled lizards
  3 rats
51 creatures vanquished.

Notes
Turn   | Place    | Note
-------+----------+-------------------------------------------
     0 | D:1      | tardwrangler69 the Draconian Ice Elementalist began the
                  | quest for the Orb.
     0 | D:1      | Reached XP level 1. HP: 14/14 MP: 3/3
   556 | D:1      | Reached XP level 2. HP: 17/20 MP: 5/5
   694 | D:1      | Found a faded altar of an unknown god.
  1185 | D:2      | Reached XP level 3. HP: 25/26 MP: 6/6
  2216 | D:2      | Found Odwufuty's Book Shoppe.
  2542 | D:3      | Reached skill level 5 in Ice Magic
  2840 | D:3      | Reached XP level 4. HP: 30/33 MP: 8/8
  2914 | D:3      | Learned a level 3 spell: Frozen Ramparts
  2918 | D:3      | Learned a level 3 spell: Ozocubu's Armour
  3303 | D:4      | Noticed a phantom
  3322 | D:4      | Killed a phantom
  3323 | D:4      | Reached XP level 5. HP: 27/38 MP: 0/9
  3456 | D:4      | Found a staircase to the Ecumenical Temple.
  3464 | D:4      | Noticed Blork the orc
  3472 | Temple   | Entered the Ecumenical Temple
  3488 | Temple   | Reached skill level 6 in Ice Magic
  3942 | D:4      | Slain by Blork the orc

Illustrated notes

Levels and vault maps discovered:
D:1:      matt_arrival_spirals, layout_loops_ring,
          chequers_ecumenical_altar_grove, minmay_worlds_worst_comb
D:2:      layout_basic, serial_shops, nicolae_shop_behind_doors
D:3:      layout_basic
D:4:      layout_layer_cave, minmay_temple_entry_water_ring, dk_noncrumbling_3,
          uniq_blork_the_orc
Temple:   compressed_dpeg_triangle_lava_temple

Skill      XL: |  1  2  3  4  5 |
---------------+----------------+-----
Ice Magic      | 5 6 |  6.0
Spellcasting   | 3 |  3.4
Dodging        | |  1.7
Stealth        | |  1.7

Action                   |  1- 3 |  4- 6 || total
-------------------------+-------+-------++-------
Melee: Dagger            |     7 |       ||     7
       Unarmed           |     6 |       ||     6
       Trident           |   130 |    61 ||   191
       Tailslap          |     8 |     5 ||    13
 Cast: Freeze            |     2 |     2 ||     4
       Frozen Ramparts   |       |     3 ||     3
       Ozocubu's Armour  |       |     2 ||     2
  Use: Potion            |       |     3 ||     3
 Stab: Sleeping          |     7 |     2 ||     9
Armor: Skin              |    31 |    27 ||    58
Dodge: Dodged            |    93 |    35 ||   128

Table legend: (Time is in decaauts)
 A = Elapsed time spent in this place.
 B = Non-inter-level travel time spent in this place.
 C = Inter-level travel time spent in this place.
 D = Time resting spent in this place.
 E = Time spent auto-exploring this place.
 F = Levels seen in this place.
 G = Mean time per level.
                   A        B        C        D        E       F      G
               +--------+--------+--------+--------+--------+-----+--------+
         Total |   4006 |   3891 |    115 |      0 |   3431 |   5 |  801.2 |
       Dungeon |   3552 |   3449 |    103 |      0 |   3018 |   4 |  888.0 |
        Temple |    454 |    442 |     12 |      0 |    413 |   1 |  454.0 |
               +--------+--------+--------+--------+--------+-----+--------+

Top non-repeatable levels by time:
     D:2: 1411 daAuts
     D:1: 1122 daAuts
     D:3: 722 daAuts
  Temple: 454 daAuts
     D:4: 294 daAuts
